 Dungeon Crawl Stone Soup version 0.20.1-1-g8b1a95d66d (webtiles) character file.

414 NullDivider the Charlatan (level 6, -2/42 HPs)
             Began as an Octopode Artificer on Nov 22, 2017.
             Slain by a worker ant (3 damage)
             ... on level 4 of the Dungeon.
             The game lasted 00:26:07 (5286 turns).

NullDivider the Charlatan (Octopode Artificer)      Turns: 5286, Time: 00:26:08

Health: -2/42      AC:  1    Str: 11    XL:     6   Next: 91%
Magic:  9/9        EV: 15    Int: 14    God:
Gold:   200        SH:  0    Dex: 14    Spells: 5/5 levels left

rFire    . . .     SeeInvis .   s - +0 dagger
rCold    . . .     Gourm    .   (no shield)
rNeg     . . .     Faith    .   (helmet restricted)
rPois    .         Spirit   .   (no amulet)
rElec    .         Reflect  .   (no ring)
rCorr    .         Harm     .   (no ring)
MR       .....                  (no ring)
Stlth    ++++......             (no ring)
Regen    0.2/turn               (no ring)
MPRegen  0.2/turn               (no ring)
                                (no ring)
                                (no ring)

@: lethally poisoned (-2 -> -5)
A: almost no armour, stealthy swim, amphibious, 8 rings, constrict 8, camouflage
1, gelatinous body 1
a: no special abilities


You were on level 4 of the Dungeon.
You were not hungry.

You visited 1 branch of the dungeon, and saw 5 of its levels.
You also visited: Ossuary.

You collected 200 gold pieces.

Inventory:

Hand Weapons
 s - a +0 dagger (weapon)
 t - the +2 whip of the Living Dead {slash, *Corrode rF- Str+5 Dex+2}
   (You found it on level 4 of the Dungeon)

   It inflicts extra damage upon your enemies.
   It affects your strength (+5).
   It affects your dexterity (+2).
   It makes you vulnerable to fire.
   It may corrode you when you take damage.
Wands
 b - a wand of flame (7/48)
 c - a wand of enslavement (15/24)
 d - a wand of random effects (15/48)
 m - a wand of polymorph (8/24)
 r - a wand of random effects (31/48)
Scrolls
 g - a scroll of immolation {unknown}
 i - a scroll of teleportation {unknown}
 k - a scroll of fog {unknown}
 l - a scroll of enchant weapon {unknown}
 n - 2 scrolls of enchant armour {unknown}
 o - 3 scrolls of magic mapping
 p - 3 scrolls of identify
 y - a scroll of remove curse
Potions
 e - a potion of ambrosia {unknown}
 j - 5 potions of curing
 q - 2 potions of lignification {unknown}
 u - a potion of flight {unknown}
 v - a potion of mutation {unknown}
 w - a potion of brilliance {unknown}
 x - 3 potions of cancellation {unknown}
Comestibles
 a - a royal jelly
 f - 3 bread rations
 h - 4 meat rations


   Skills:
 + Level 3.2 Fighting
 + Level 3.0 Short Blades
 + Level 3.7 Dodging
 + Level 4.4 Stealth
 + Level 4.5 Evocations


You had 5 spell levels left.
You didn't know any spells.

Dungeon Overview and Level Annotations

Branches:
Dungeon (5/15)
 Temple: D:4-7

Altars:
Cheibriados
Fedhas
Makhleb
Qazlal
Vehumet


Innate Abilities, Weirdness & Mutations

You cannot wear most types of armour.
You are very stealthy in the water. (Stealth+)
You are amphibious.
You can wear up to eight rings at the same time.
You can use your tentacles to constrict eight enemies at once.
Your skin changes colour to match your surroundings (Stealth+).
Your rubbery body absorbs attacks. (AC +1, EV +1)


Message History

The worker ant is heavily wounded.
You constrict the worker ant. The worker ant bites you.
* * * LOW HITPOINT WARNING * * *
You are poisoned.
The worker ant poisons you!
You release your grip on the worker ant.
You feel sick. The worker ant barely misses you.
You climb upwards.
You feel sick.
There is a stone staircase leading down here.
You hit the worker ant. You grab the worker ant.
You squeeze the worker ant, but do no damage.
The worker ant is severely wounded.
You constrict the worker ant. The worker ant bites you!
* * * LOW HITPOINT WARNING * * *
You hit the worker ant but do no damage.
The worker ant is almost dead.
You constrict the worker ant.
* * * LOW HITPOINT WARNING * * *
You feel sick. The worker ant bites you.
You die...

.#.# #..##.###....### #. ##.#
#..##.# ##.#..# #.
...####..##.# #.##.########
#. #...........#
#.#.........# #.
#.####...#### #.#.........#
##. #.# #..## #.#...≈≈≈...#
#.. ..# #..# #....≈≈≈≈≈..#
#.. ..####..# #a...≈≈.≈≈..##
#.. ........# #@#..≈≈≈≈≈...#
### ....##.## #.#...≈≈≈....#
..#.##.#########.#..........#
............................#
..#################.....###.#
..# #.##### #.# ## ..# #.#
#.# ##. ..# #.# #.# #.. ..#
#.# #.# #._


You could see a worker ant.

Vanquished Creatures
  Ijyb (D:3)
  A worker ant (D:4)
  An iguana (D:4)
  8 big kobold zombies (Ossuary)
  A hound skeleton (D:5)
  Robin (D:2)
  A mummy (Ossuary)
  A gnoll (D:5)
  4 adders
  A worm (D:2)
  A dart slug (D:3)
  A leopard gecko (D:3)
  2 orcs (D:3)
  2 spectral bats (Ossuary)
  3 giant cockroaches
  4 gnoll zombies (Ossuary)
  5 hobgoblins
  3 jackals (D:3)
  6 kobolds
  A quokka (D:4)
  A ball python (D:1)
  4 bats
  3 bat simulacra (Ossuary)
  2 frilled lizards
  20 goblins
  4 goblin simulacra (Ossuary)
  6 goblin zombies (Ossuary)
  7 hobgoblin zombies (Ossuary)
  4 kobold simulacra (Ossuary)
  2 kobold zombies (Ossuary)
  3 orc zombies (Ossuary)
  6 rats
  3 rat simulacra (Ossuary)
  3 spectral goblins (Ossuary)
  2 spectral kobolds (Ossuary)
  4 spectral rats (Ossuary)
122 creatures vanquished.

Vanquished Creatures (others)
  A ball python (D:2)
1 creature vanquished.

Grand Total: 123 creatures vanquished

Notes
Turn   | Place    | Note
-------+----------+-------------------------------------------
     0 | D:1      | NullDivider the Octopode Artificer began the quest for the Orb.
     0 | D:1      | Reached XP level 1. HP: 13/13 MP: 3/3
   388 | D:1      | Reached XP level 2. HP: 15/18 MP: 4/4
   761 | D:2      | Found a radiant altar of Vehumet.
   773 | D:2      | Noticed Robin
   795 | D:2      | Killed Robin
   795 | D:2      | Reached XP level 3. HP: 20/23 MP: 5/5
  1577 | D:3      | Reached XP level 4. HP: 28/28 MP: 6/6
  2802 | D:3      | Found a burning altar of Makhleb.
  2803 | D:3      | Found a blossoming altar of Fedhas.
  2934 | D:3      | Noticed Ijyb
  2975 | D:3      | Killed Ijyb
  2975 | D:3      | Reached XP level 5. HP: 12/34 MP: 7/7
  3265 | D:4      | Got a twisted whip
  3266 | D:4      | Identified the cursed +2 whip of the Living Dead {slash, *Corrode rF- Str+5 Dex+2} (You found it on level 4 of the Dungeon)
  3270 | D:4      | Found a sand-covered staircase.
  3280 | Ossuary  | Entered an ossuary
  3849 | Ossuary  | Reached XP level 6. HP: 31/41 MP: 9/9
  4384 | D:4      | Found a snail-covered altar of Cheibriados.
  4499 | D:4      | Found a stormy altar of Qazlal.
  5010 | D:5      | Entered Level 5 of the Dungeon
  5273 | D:5      | Noticed a phantom
  5285 | D:4      | HP: 2/42 [worker ant (8)]
  5286 | D:4      | Slain by a worker ant

Skill      XL: |  1  2  3  4  5  6 |
---------------+-------------------+-----
Stealth        | 2 3 4 |  4.4
Short Blades   | 2 3 |  3.0
Dodging        | 3 |  3.7
Fighting       | 2 3 |  3.2
Evocations     | 4 |  4.5

Action                   |  1- 3 |  4- 6 || total
-------------------------+-------+-------++-------
Melee: Short sword       |    34 |       ||    34
       Constrict         |    14 |    47 ||    61
       Tentacles         |     9 |    51 ||    60
       Dagger            |    24 |    82 ||   106
       Whip              |       |   152 ||   152
Evoke: Wand              |     3 |     5 ||     8
  Use: Scroll            |       |     3 ||     3
 Stab: Sleeping          |     9 |    28 ||    37
  Eat: Chunk             |     2 |    10 ||    12
       Royal jelly       |       |     1 ||     1
Armor: Skin              |     4 |    10 ||    14
Dodge: Dodged            |    18 |   128 ||   146
